Description

Save TvP build made by uThermal with timing push

VOD

https://www.youtube.com/watch?v=DvxB2NrzdLo&t

Replay - Uthermal TVP

Build Order

Get SALT Encoding   

  12  0:00  SCV  
  13  0:12  SCV  
  14  0:16  Supply Depot  
  14  0:24  SCV  
  15  0:38  SCV  
  15  0:40  Barracks  
  16  0:43  Refinery  
  16  0:50  SCV  
  16  0:53  Refinery  
  17  1:02  SCV  
  18  1:14  SCV  
  19  1:29  Reaper, Orbital Command, Supply Depot  
  20  1:41  Factory  
  20  1:54  SCV  
  20  2:01  Reaper  
  22  2:06  SCV  
  23  2:18  SCV  
  23  2:22  Command Center  
  24  2:27  Hellion  
  26  2:34  Barracks Reactor  
  27  2:40  Starport  
  28  2:48  Supply Depot  
  30  2:51  Widow Mine  
  34  3:13  Widow Mine  
  34  3:22  Marine x2, Medivac  
  38  3:38  Factory Tech Lab  
  38  3:39  Marine x2  
  38  3:40  Orbital Command  
  39  3:42  Bunker  
  41  3:57  Marine  
  41  4:01  Raven  
  41  4:02  Barracks  
  44  4:03  Marine, Factory Tech Lab  
  47  4:14  Barracks  
  47  4:16  Marine  
  48  4:21  Marine  
  48  4:23  Siege Tank  
  52  4:27  Supply Depot  
  53  4:37  Marine x2  
  53  4:42  Supply Depot  
  54  4:51  Engineering Bay  
  56  4:54  Refinery  
  57  5:03  Stimpack  
  57  5:04  Marauder  
  62  5:11  Marauder  
  65  5:17  Starport Reactor  
  67  5:21  Factory Reactor  
  67  5:23  Terran Infantry Weapons Level 1  
  69  5:30  Marauder x2  
  74  5:41  Combat Shield  
  78  5:52  Marauder x2  
  80  6:01  Widow Mine x2  
  88  6:08  Medivac  
  94  6:19  Medivac  
  98  6:28  Widow Mine x2  
  103  6:39  Medivac  
  108  6:49  Medivac  
  108  6:51  Widow Mine x2  
  118  7:02  Concussive Shells  
  118  7:07  Marauder  
  120  7:12  Widow Mine  
  123  7:18  Command Center  
  123  7:19  Medivac  
  126  7:28  Marauder x2  
  126  7:29  Widow Mine  
  133  7:38  Medivac  
  135  7:45  Barracks x2  
  135  7:47  Refinery  
Spawning Tool Build Advisor. Get it on Overwolf

Go to:

Details

  • Created by: CandyShy
  • Published on: Oct 21, 2021
  • Modified on: Oct 21, 2021
  • Patch: 4.11.0
  • Difficulty: Medium
Show
View Real Time Build Order
Export as new Build Order

Comments (0)

There are no comments. Be the first!

Create an account to comment!